 Dungeon Crawl Stone Soup version 0.29.1-15-g9cfb28693d (webtiles) character file.

Game seed: 242970808214669036

2531 Pegasus the Trooper (level 9, 0/72 HPs)
             Began as a Human Delver on July 2, 2023.
             Was a Follower of Ashenzari.
             Killed from afar by a steam dragon (21 damage)
             ... with a ball of steam
             ... on level 7 of the Dungeon.
             The game lasted 00:19:07 (11225 turns).

Pegasus the Trooper (Human Delver)                 Turns: 11225, Time: 00:19:07

Health: 0/72       AC:  8    Str: 12    XL:     9   Next: 84%
Magic:  9/9        EV: 14    Int: 15    God:    Ashenzari [*.....]
Gold:   283        SH:  0    Dex: 21    Spells: 8/8 levels left

rFire   . . .      SeeInvis +   l - +5 falchion
rCold   . . .      Faith    .   (no shield)
rNeg    . . .      Spirit   .   b - +0 ring mail
rPois   .          Reflect  .   j - +1 helmet of Xepiq {Fly rElec SInv}
rElec   +          Harm     .   k - +0 cloak "Shackled Dismay" {Range, Elem} (curse)
rCorr   .          Rampage  .   (no gloves)
Will    .....                   (no boots)
Stlth   +++.......              (no amulet)
HPRegen 0.22/turn               q - ring "Thunder Perfect Mind" {Dex+6, Elem, Bglg} (curse)
MPRegen 0.11/turn               (no ring)

@: flying
A: no striking features
a: Renounce Religion, Shatter the Chains


You were on level 7 of the Dungeon.
You worshipped Ashenzari.
Ashenzari was aware of your devotion.
You visited 2 branches of the dungeon, and saw 9 of its levels.
You also visited: Sewer.

You collected 283 gold pieces.

Inventory:

Hand Weapons
 l - a +5 falchion (weapon)
Missiles
 e - 6 boomerangs (quivered)
Armour
 b - a +0 ring mail (worn)
 j - the +1 helmet of Xepiq (worn) {Fly rElec SInv}
   (You found it on level 3 of the Dungeon)

   rElec:     It insulates you from electricity.
   SInv:      It lets you see invisible.
   Fly:       It grants you flight.
 k - the cursed +0 cloak "Shackled Dismay" (worn) {Range, Elem}
   (You found it on level 3 of the Dungeon)

   It has a curse which improves the following skills: Ranged Combat: Ranged
   Weapons and Throwing.
   Elements:  Fire Magic, Ice Magic, Air Magic and Earth Magic.
Magical Staves
 i - a staff of poison
Jewellery
 q - the cursed ring "Thunder Perfect Mind" (left hand) {Dex+6, Elem, Bglg}
   (You found it on level 1 of the Dungeon)

   [ring of dexterity]

   Dex:       It affects your dexterity (+6).
   It has a curse which improves the following skills: Elements: Fire Magic, Ice
   Magic, Air Magic and Earth Magic.
   Beguiling: Conjurations, Hexes and Translocations.
Wands
 a - a wand of roots (10)
 g - a wand of digging (1)
Scrolls
 c - a scroll of fog
 d - 2 scrolls of teleportation
 f - a scroll of fear
 h - 2 scrolls of blinking
 r - 3 scrolls of amnesia
 u - 2 scrolls of magic mapping
 x - 2 scrolls of identify
Potions
 m - a potion of cancellation
 n - a potion of might
 o - a potion of degeneration
 p - 2 potions of heal wounds
 s - 3 potions of brilliance
 t - 2 potions of magic
 v - a potion of haste
 w - a potion of resistance


   Skills:
 + Level 7.2 Fighting
 + Level 6.8 Long Blades
 + Level 5.2(6.1) Throwing
 + Level 6.8 Dodging
 - Level 5.1 Stealth


You had 8 spell levels left.
You didn't know any spells.
Your spell library contained the following spells:

 Spells                   Type           Power      Damage    Failure   Level
 Gell's Gravitas          Tloc           0%         N/A       87%         3
 Lesser Beckoning         Tloc           0%         N/A       87%         3
 Teleport Other           Tloc           0%         N/A       87%         3


Dungeon Overview and Level Annotations

Branches:
Dungeon (8/15)             Temple (1/1) D:4           Sewer (visited)
   Lair: D:8-11

Altars:
Ashenzari
Cheibriados
Dithmenos
Elyvilon
Makhleb
Nemelex Xobeh
Okawaru
Qazlal
Ru
Sif Muna
Vehumet
Xom
Yredelemnul

Annotations:
D:4 Blork the orc
D:7 2 transporters, Manslay's ghost, novice OpCj


Message History

You destroy the necrophage!
Your life force feels restored.
Throw: 6 boomerangs
Press: ? - help, Q - select action, (/) - cycle Shift-Dir - straight line, f - steam dragon
Aim: a steam dragon (68% to hit)
You throw a boomerang.
The boomerang barely misses the steam dragon.
Unknown command.
You slash the steam dragon!
The steam dragon is moderately wounded.
The steam dragon breathes steam at you. The ball of steam hits you!
You hear an angry hiss.
You closely miss the steam dragon.
The steam dragon is moderately wounded.
The steam dragon bites you! The steam dragon closely misses you.
You hit the steam dragon but do no damage.
The steam dragon is moderately wounded.
A water moccasin comes into view.
The steam dragon barely misses you.
The steam dragon claws you but does no damage.
There is a stone staircase leading up here.
You hear the faint creaking of a portcullis nearby.
The steam dragon bites you. The steam dragon completely misses you.
You fly upwards.
Level annotation: 2 transporters, Manslay's ghost, novice OpCj
There is a stone staircase leading down here.
Unknown command.
You slash the steam dragon!
The steam dragon is severely wounded.
The steam dragon misses you. The steam dragon closely misses you.
You closely miss the steam dragon.
The steam dragon is severely wounded.
The steam dragon closely misses you. The steam dragon claws you.
* * * LOW HITPOINT WARNING * * *
You hit the steam dragon.
The steam dragon is severely wounded.
The steam dragon breathes steam at you. The ball of steam hits you!!
You die...

~##...##.......##.#
..##..##.......##.#
.#W#..##.[.....##.#
.#©#..####+######.###############
~#W#..# ##.#### #[...............
..##..# #.....# #.###############
.##...###...#.###.# #.......
##.............D..# #.######
#..###..........@.# #.#
........#...####### #.#
.#......#...# #.# ##......#...#
#######.### ##......#...#
#.........# ######.##...#
#.#####.#.#### # #.######
#.#.....#.#... #
#.#############.#.#####.#.## #
#.................# #.#.#


You could see a steam dragon (catching breath).

Vanquished Creatures
  Sigmund (D:3)
  A steam dragon (D:6)
  A water moccasin (D:5)
  An acid dragon (D:6)
  2 black bears
  A centaur (D:6)
  5 kobold brigands
  A phantom (D:4)
  A necrophage (D:8)
  A bullfrog (D:5)
  4 scorpions
  2 howler monkeys
  2 hounds
  A gnoll bouda (D:5)
  A jelly (D:7)
  3 orc priests
  5 iguanas
  Ijyb (D:3)
  8 orc wizards
  10 adders
  7 gnolls
  4 river rats (D:6)
  A shadow imp (D:5)
  A white imp (D:6)
  3 worms
  4 dart slugs
  39 orcs
  9 ball pythons
  5 endoplasms
  A giant cockroach (Sewer)
  6 goblins
  6 hobgoblins
  2 quokkas (D:1)
  8 bats
  5 frilled lizards
  18 kobolds
  9 rats
180 creatures vanquished.

Vanquished Creatures (others)
  A kobold (D:6)
  A plant (D:8)
2 creatures vanquished.

Grand Total: 182 creatures vanquished

Notes
Turn   | Place    | Note
-------+----------+-------------------------------------------
     0 | D:5      | Pegasus the Human Delver began the quest for the Orb.
     0 | D:5      | Reached XP level 1. HP: 18/18 MP: 1/1
    13 | D:5      | Noticed a gnoll bouda
   107 | D:4      | Noticed Blork the orc
   299 | D:3      | Identified the +1 helmet of Xepiq {Fly rElec SInv}
   345 | D:3      | Noticed an orc wizard
   360 | D:3      | Reached XP level 2. HP: 24/24 MP: 2/2
   619 | D:2      | Reached XP level 3. HP: 24/29 MP: 3/3
  1038 | D:2      | Reached XP level 4. HP: 35/35 MP: 4/4
  1067 | D:2      | You are sucked into a shaft and drop 2 floors!
  1319 | D:1      | Found a faded altar of an unknown god.
  3098 | D:3      | Reached XP level 5. HP: 33/42 MP: 5/5
  3258 | D:3      | Noticed Sigmund
  3270 | D:3      | Killed Sigmund
  3271 | D:3      | Reached skill level 4 in Fighting
  3271 | D:3      | Reached XP level 6. HP: 39/49 MP: 6/6
  4155 | D:4      | Found a staircase to the Ecumenical Temple.
  4390 | D:3      | Reached XP level 7. HP: 46/55 MP: 7/7
  4678 | Temple   | Entered the Ecumenical Temple
  4719 | Temple   | Became a worshipper of Ashenzari the Shackled
  4798 | D:4      | Reached skill level 1 in Throwing
  4807 | D:4      | HP: 2/55 [poisoned by an adder]
  5259 | D:4      | Reached skill level 5 in Fighting
  5991 | D:4      | Noticed Ijyb
  6521 | D:3      | Killed Ijyb
  6864 | D:5      | Reached XP level 8. HP: 62/62 MP: 8/8
  6915 | D:5      | Reached skill level 5 in Long Blades
  6915 | D:5      | Reached skill level 5 in Dodging
  8364 | D:6      | Found a shadowy altar of Dithmenos.
  8475 | D:5      | Reached skill level 6 in Fighting
  8549 | D:6      | Found a glowing drain.
  8595 | Sewer    | Entered a sewer
  8639 | Sewer    | Reached XP level 9. HP: 40/69 MP: 9/9
  9160 | D:6      | Found a sacrificial altar of Ru.
 10120 | D:6      | Found a snail-covered altar of Cheibriados.
 10122 | D:6      | Found a shimmering altar of Xom.
 10122 | D:6      | Found a shimmering altar of Xom.
 10124 | D:6      | Found a sparkling altar of Nemelex Xobeh.
 10124 | D:6      | Found a shadowy altar of Dithmenos.
 10124 | D:6      | Found a snail-covered altar of Cheibriados.
 10554 | D:7      | Noticed Manslay's ghost (novice OpCj)
 10555 | D:7      | Noticed a two-headed ogre
 10555 | D:7      | Noticed a purple ugly thing
 10558 | D:7      | Found a transporter.
 10600 | D:7      | Found a transporter.
 10626 | D:7      | Reached skill level 7 in Fighting
 10626 | D:7      | Reached skill level 5 in Throwing
 11083 | D:7      | Reached * piety under Ashenzari
 11185 | D:8      | Noticed a two-headed ogre
 11225 | D:7      | Killed from afar by a steam dragon

Illustrated notes

Levels and vault maps discovered:
D:1:      amcnicky_arrival_choice, layout_loops_corners,
          ebering_ecumenical_altar_hall, chequers_serial_rivers_large_a,
          roderic_lattice_a
D:2:      layout_loops_ring
D:3:      layout_loops_ring, serial_park_tiny_1, uniq_sigmund
D:4:      layout_cave_pods, minmay_temple_entry_tees, uniq_ijyb,
          uniq_blork_the_orc
D:5:      layout_basic
D:6:      layout_rooms, doesnt_xom_only_xom, mainiacjoe_overflow_catwalk_spiral,
          portal_sewer_entry_b, grunt_ministairs_13
D:7:      layout_basic, nzn_ghost_randoct
D:8:      layout_loops_ring, enter_bailey_2, minmay_shattered_shrine,
          uniq_psyche
Temple:   regret_index_temple_mists

Skill      XL: |  1  2  3  4  5  6  7  8  9 |
---------------+----------------------------+-----
Dodging        | 3 4 5 6 |  6.8
Long Blades    | 3 4 5 6 |  6.8
Fighting       | 4 5 6 7 |  7.2
Throwing       | 2 3 5 |  5.2
Stealth        | |  5.1

Action                   |  1- 3 |  4- 6 |  7- 9 || total
-------------------------+-------+-------+-------++-------
Melee: Falchion          |    73 |   159 |   451 ||   683
       Punch             |       |     2 |    10 ||    12
Throw: Boomerang         |       |     6 |    34 ||    40
Invok: Curse Item        |       |       |     2 ||     2
Evoke: Wand              |     1 |       |     2 ||     3
  Use: Scroll            |     1 |     4 |     6 ||    11
       Potion            |     2 |     1 |     6 ||     9
 Stab: Sleeping          |     8 |    10 |     7 ||    25
Armor: Leather armour    |    26 |    38 |    59 ||   123
       Ring mail         |       |       |   110 ||   110
Dodge: Dodged            |    54 |    89 |   315 ||   458
